 Dungeon Crawl Stone Soup version 0.22.1-1-ga44c0e5 (webtiles) character file.

226105 thomasnlv21 the Severer (level 18, -3/176 HPs)
             Began as a Minotaur Berserker on Nov 1, 2018.
             Was a High Priest of Trog.
             Slain by a death yak (14 damage)
             ... led by Polyphemus
             ... on level 4 of the Shoals on Nov 2, 2018.
             The game lasted 04:43:01 (44490 turns).

thomasnlv21 the Severer (Minotaur Berserker)       Turns: 44490, Time: 04:43:02

Health: -3/176     AC: 34    Str: 27    XL:     18   Next: 64%
Magic:  17/17      EV: 17    Int:  4    God:    Trog [*****.]
Gold:   2391       SH:  6    Dex: 13    Spells: 17/17 levels left

rFire    . . .     SeeInvis .   x - +8 battleaxe of Buakasm {elec, rPois MR+ Stlth+}
rCold    . . .     Gourm    .   (shield currently unavailable)
rNeg     . . .     Faith    .   b - +4 plate armour
rPois    +         Spirit   .   (helmet restricted)
rElec    .         Reflect  +   (no cloak)
rCorr    .         Harm     .   J - +2 pair of gloves {archery}
MR       ++++.     Rnd*Rage +   V - +2 pair of boots {Stlth+}
Stlth    ..........             I - +6 amulet of reflection
HPRegen  0.00/turn              e - +4 ring of protection
MPRegen  0.15/turn              Q - ring of protection from magic

@: lethally poisoned (-3 -> -37), berserk cooldown, slowed, very slow
A: retaliatory headbutt, horns 2, berserk 1, magic resistance 1, inhibited
regeneration, MP-powered wands
}: 1/15 runes: serpentine
a: Berserk, Trog's Hand, Brothers in Arms, Renounce Religion


You were on level 4 of the Shoals.
You worshipped Trog.
Trog was extremely pleased with you.
You were near starving.

You visited 5 branches of the dungeon, and saw 31 of its levels.
You visited the Abyss 1 time.
You also visited: Bailey and Ice Cave.

You collected 3034 gold pieces.
You spent 643 gold pieces at shops.

Inventory:

Hand Weapons
 x - the +8 battleaxe of Buakasm (weapon) {elec, rPois MR+ Stlth+}
   (Trog gifted it to you in a bailey)

   Occasionally, upon striking a foe, it will discharge some electrical energy
   and cause terrible harm.
   It protects you from poison.
   It affects your resistance to hostile enchantments.
   It makes you more stealthy.
 y - a +1 war axe of freezing
 B - a +0 vampiric halberd
 M - the +6 war axe of Linearity {flame, rPois Stlth+}
   (Trog gifted it to you on level 1 of the Lair of Beasts)

   It has been specially enchanted to burn those struck by it, causing extra
   injury to most foes and up to half again as much damage against particularly
   susceptible opponents.
   Big, fiery blades are also staple armaments of hydra-hunters.
   It protects you from poison.
   It makes you more stealthy.
 O - a +4 antimagic battleaxe
 Z - a +7 triple crossbow of flaming
Missiles
 g - 5 javelins of returning (quivered)
 q - 612 arrows
Armour
 b - a +4 plate armour (worn)
 r - a +2 large shield
 J - a +2 pair of gloves of archery (worn)
 V - a +2 pair of boots of stealth (worn)
 X - a +1 ring mail of fire resistance
Jewellery
 e - a +4 ring of protection (left hand)
 H - an uncursed ring of ice
 I - a +6 amulet of reflection (around neck)
 L - the ring "Vosukofu" {-Tele *Slow rF+ Str+8 SInv}
   (You bought it in a shop on level 2 of the Orcish Mines)

   [ring of protection from fire]

   It affects your strength (+8).
   It protects you from fire.
   It lets you see invisible.
   It prevents most forms of teleportation.
   It may slow you when you take damage.
 N - an uncursed ring of resist corrosion
 P - an uncursed ring of fire
 Q - a ring of protection from magic (right hand)
 S - an uncursed ring of protection from magic
Wands
 a - a wand of acid (9)
 h - a wand of flame (107)
 o - a wand of disintegration (26)
 s - a wand of enslavement (21)
 u - a wand of paralysis (30)
 C - a wand of iceblast (23)
 K - a wand of polymorph (31)
 U - a wand of digging (41)
Scrolls
 d - 5 scrolls of fog
 i - 11 scrolls of remove curse
 k - 9 scrolls of enchant weapon
 l - 6 scrolls of fear
 m - 5 scrolls of teleportation
 n - 11 scrolls of identify
 p - 3 scrolls of blinking
 t - 7 scrolls of magic mapping
 v - a scroll of acquirement
 z - 3 scrolls of enchant armour
 F - 5 scrolls of brand weapon
Potions
 f - 5 potions of flight
 j - 8 potions of haste
 w - 4 potions of cancellation
 A - 9 potions of curing
 D - 2 potions of mutation
 E - a potion of brilliance
 G - 3 potions of resistance
 R - 2 potions of invisibility
Miscellaneous
 T - a phantom mirror
Comestibles
 c - 19 rations


   Skills:
 + Level 19.4 Fighting
 + Level 20.1 Axes
 + Level 18.7 Armour
 + Level 18.0 Dodging
 - Level 3.1 Stealth


You had 17 spell levels left.
You didn't know any spells.
Your spell library was empty.

Dungeon Overview and Level Annotations

Branches:
Dungeon (15/15)            Temple (0/1) D:6            Lair (6/6) D:9
 Shoals (4/4) Lair:4        Snake (4/4) Lair:2        Slime (0/5) Lair:6
    Orc (2/2) D:11            Elf (0/3) Orc:2        Vaults (0/5) D:13
 Depths (0/5) D:15

Altars:
Ashenzari
Cheibriados
Fedhas
Gozag
Kikubaaqudgha
Nemelex Xobeh
Okawaru
Qazlal
Ru
Sif Muna
Trog
Wu Jian
Yredelemnul
The Shining One
Beogh
Jiyva

Shops:
D:6 ?   D:11 }   D:15 *   Orc:1 [   Orc:2 =[*(   Snake:1 !   Snake:3 (

Annotations:
Lair:4 exclusion: oklob plant
Shoals:4 3 runed doors, exclusion: obsidian statue, PeterLawrence's ghost, adept MiFi; Polyphemus


Innate Abilities, Weirdness & Mutations

You reflexively headbutt those who attack you in melee.
You have a pair of horns on your head.
You tend to lose your temper in combat.
You are resistant to hostile enchantments. (MR+)
You do not regenerate when monsters are visible.
You expend magic power (3 MP) to strengthen your wands.


Message History

The sea snake is moving more slowly.
The sea snake bites you but does no damage.
Polyphemus hits you but does no damage. Polyphemus hits you!!
* * * LOW HITPOINT WARNING * * *
The death yak misses you.
The death yak gores you but does no damage.
The sea snake is engulfed in calcifying dust.
The sea snake stops moving altogether!
Blink to where?
Press: ? - help, Dir - move target cursor
Okay, then.
* * * LOW HITPOINT WARNING * * *
You feel very sick. You block the merfolk's attack.
The sea snake is engulfed in calcifying dust.
Polyphemus throws the death yak at you!
* * * LOW HITPOINT WARNING * * *
The sea snake is engulfed in calcifying dust.
The death yak gores you!
You die...

... #≈......≈ ... #....... ...
##.....? ### ≈≈≈≈≈≈≈≈ ..≈
#+##.....≈##≈≈≈ #≈≈≈≈≈≈≈ .≈≈
.......≈≈(#≈≈ #≈≈≈≈≈≈≈ ≈≈≈
........(≈m≈ #≈≈≈≈≈≈≈ ≈≈≈
........mm# #≈≈≈≈≈≈≈ ≈≈≈
≈......HCS## ##≈≈≈≈≈≈≈
≈≈≈≈≈≈≈≈≈≈......@Y.)#####.≈≈≈≈≈≈≈
≈≈≈≈≈≈≈≈≈≈.....Y..(.......≈≈≈≈≈≈≈
P≈≈≈≈≈≈≈≈≈.........(........≈≈≈≈≈
≈≈≈≈≈≈≈≈ ####..............≈≈≈≈≈≈
≈≈≈≈≈≈≈# ##...........≈≈≈≈≈≈≈≈
≈≈.#.≈≈# #...........≈≈≈≈≈≈≈≈
≈≈.#.≈≈# +..........≈≈≈≈≈≈≈≈≈
≈≈...≈)# #.......≈..≈≈≈≈≈≈≈≈≈
≈...≈))## ##..........≈≈≈≈≈≈≈≈≈


You could see Polyphemus, a merfolk impaler, 2 death yaks, a sea snake
(petrified), 2 merfolk and a manticore.

Vanquished Creatures
  A tentacled starspawn (Abyss:3)
  Kirke (D:13)
  14 nagarajas
  An orc warlord (Orc:2)
  Louise (D:14)
  A green draconian (Abyss:3)
  Nessos (D:13)
  A blizzard demon (IceCv)
  2 ettins
  6 merfolk impalers
  2 merfolk javelineers (Shoals:4)
  Josephine (D:13)
  Harold (Orc:1)
  An ice dragon (Snake:1)
  2 merfolk avatars
  22 naga warriors
  6 hydras
  3 catoblepae
  An alligator snapping turtle (Shoals:4)
  3 merfolk aquamancers (Shoals:4)
  The ghost of SeriousVitamin the Earth Mage, a journeyman DEEE of Vehumet (Lair:1)
  4 centaur warriors
  2 anacondas
  2 dancing weapons (D:13)
  A tengu warrior (D:13)
  6 two-headed ogres
  17 death yaks
  A vampire mage (Abyss:3)
  A thrashing horror (Abyss:3)
  4 shock serpents
  An orc high priest (Orc:2)
  16 naga sharpshooters
  3 salamander mystics
  6 wretched stars (Abyss:3)
  3 skeletal warriors (D:12)
  An unseen horror (D:14)
  14 sea snakes
  A spatial maelstrom (Abyss:3)
  A deep troll (D:15)
  3 naga ritualists
  A lindwurm (shapeshifter) (D:13)
  A deep elf archer (D:15)
  A starcursed mass (Abyss:3)
  4 harpies (Shoals:2)
  6 cyclopes
  4 deep elf magi
  5 orc knights (Orc:2)
  8 manticores
  5 mana vipers
  3 orc sorcerers (Orc:2)
  A worldbinder (Abyss:3)
  7 merfolk sirens
  19 naga magi
  10 guardian serpents
  12 salamanders
  An ice statue (IceCv)
  13 elephants
  An apocalypse crab (Abyss:3)
  2 water nymphs
  23 black mambas
  11 spiny frogs
  3 centaur zombies
  5 centaur skeletons
  A freezing wraith (D:15)
  3 efreet
  10 komodo dragons
  2 rime drakes
  12 ice devils (IceCv)
  2 ancient zymes (Abyss:3)
  10 trolls
  A hornet (D:7)
  17 merfolk
  A polar bear (shapeshifter) (Abyss:3)
  2 polar bears
  9 blink frogs
  4 wind drakes
  8 slime creatures
  10 hippogriffs
  4 raiju (Abyss:3)
  10 snapping turtles
  13 dream sheep
  Sigmund (D:2)
  8 redbacks (Snake:1)
  A shadow (D:12)
  A centaur simulacrum (D:15)
  7 wyverns
  6 water elementals
  7 wraiths
  2 ynoxinuls (Abyss:3)
  2 vampires
  76 yaks
  A spriggan (D:7)
  A hog (D:13)
  A neqoxec (Abyss:3)
  A steam dragon (D:9)
  2 basilisks
  2 vampire mosquitoes (D:14)
  3 hungry ghosts
  3 small abominations (Abyss:3)
  A warg (Orc:2)
  72 nagas
  17 water moccasins
  6 porcupines
  2 acid dragons
  An ice beast (D:12)
  20 orc warriors
  A necrophage (D:8)
  3 sky beasts
  A black bear (D:10)
  2 eyes of draining
  A phantom (D:6)
  13 ogres
  11 wolves
  16 centaurs
  10 crocodiles
  A big kobold (D:9)
  Blork the orc (Orc:2)
  17 bullfrogs
  9 gnoll sergeants
  A water moccasin zombie (D:10)
  A wyvern skeleton (D:13)
  8 scorpions
  7 killer bees
  2 wights (D:14)
  2 vampire bats (D:5)
  5 electric eels
  2 howler monkeys (D:7)
  6 bullfrog zombies
  8 crimson imps
  5 jellies
  9 hounds
  18 orc priests
  8 gnoll shamans
  Crazy Yiuf (D:3)
  4 bullfrog skeletons
  6 iguanas
  32 orc wizards
  7 worker ants
  A hound zombie (D:7)
  A hound skeleton (D:6)
  2 worker ant zombies
  2 howler monkey skeletons
  35 gnolls
  22 adders
  A shadow imp (D:7)
  3 white imps (IceCv)
  7 ufetubi
  An ooze (D:1)
  An adder zombie (D:6)
  3 adder skeletons
  5 worms
  3 dart slugs
  6 leopard geckos
  79 orcs
  4 ball pythons
  6 giant cockroaches
  5 goblins
  10 hobgoblins
  7 jackals
  A quokka (D:3)
  16 bats
  3 frilled lizards
  A jackal skeleton (D:4)
  15 kobolds
  A leopard gecko skeleton (D:4)
  A quokka skeleton (D:5)
  3 rats
  2 rat zombies (D:4)
  6 fungi
  52 plants
  A starspawn tentacle (Abyss:3)
1192 creatures vanquished.

Vanquished Creatures (collateral kills)
  The ghost of Qoxuff the Brawler, an adept TrWn of Cheibriados (Snake:3)
  A nagaraja (Snake:3)
  The ghost of Morebovua the Warrior, an adept GrFi of Qazlal (Snake:3)
  The ghost of Bobloseg the Warrior, an adept GrFi of Qazlal (Snake:3)
  2 merfolk javelineers (Shoals:4)
  A hydra (D:14)
  6 naga warriors
  A deep troll shaman (Lair:6)
  3 naga sharpshooters
  A naga ritualist (Snake:4)
  A deep elf archer (D:15)
  A lindwurm (Lair:6)
  A deep elf mage (D:15)
  A black mamba (Snake:4)
  A centaur zombie (D:11)
  A merfolk siren (Shoals:4)
  3 salamanders
  3 naga magi (Snake:3)
  A guardian serpent (Snake:3)
  An ice statue (IceCv)
  A spiny frog (Lair:3)
  A merfolk (Shoals:3)
  A meliai zombie (D:15)
  4 yaks
  A vampire (D:14)
  2 wargs (Orc:2)
  A vampire mosquito (D:14)
  12 nagas
  7 orc warriors
  A phantom (D:14)
  A bullfrog (D:14)
  A gnoll sergeant (D:9)
  2 wights (D:14)
  A gnoll shaman (D:9)
  4 orc priests
  3 orc wizards (Orc:2)
  A worker ant (D:11)
  5 gnolls (D:9)
  An adder (D:11)
  3 ufetubi (IceCv)
  12 orcs
97 creatures vanquished.

Vanquished Creatures (others)
  A merfolk javelineer (Shoals:1)
  A satyr (Shoals:4)
  A merfolk aquamancer (Shoals:4)
  3 humans (D:13)
  A naga (Snake:4)
  An orc wizard (D:11)
  3 white imps (IceCv)
  4 ufetubi (IceCv)
  2 orcs
  3 goblins (D:13)
  2 fungi
  15 plants
  2 starspawn tentacles (Abyss:3)
  3 withered plants (Snake:3)
42 creatures vanquished.

Grand Total: 1331 creatures vanquished

Notes
Turn   | Place    | Note
-------+----------+-------------------------------------------
     0 | D:1      | thomasnlv21 the Minotaur Berserker began the quest for the
                  | Orb.
     0 | D:1      | Reached XP level 1. HP: 19/19 MP: 0/0
   375 | D:1      | Reached XP level 2. HP: 27/27 MP: 1/1
   413 | D:1      | Reached skill level 4 in Axes
   846 | D:1      | Reached ** piety under Trog
  1049 | D:2      | Reached XP level 3. HP: 33/33 MP: 2/2
  1133 | D:2      | Noticed Sigmund
  1153 | D:2      | Killed Sigmund
  1153 | D:2      | Reached skill level 5 in Fighting
  1153 | D:2      | Reached skill level 5 in Axes
  1153 | D:2      | Reached skill level 1 in Stealth
  1153 | D:2      | Reached XP level 4. HP: 13/42 MP: 3/3
  1153 | D:2      | Reached XP level 5. HP: 14/48 MP: 4/4
  1944 | D:2      | Reached skill level 6 in Axes
  1944 | D:2      | Reached XP level 6. HP: 56/56 MP: 5/5
  2069 | D:2      | Found a basalt altar of Yredelemnul.
  2073 | D:2      | Found a sacrificial altar of Ru.
  2231 | D:2      | Found a deep blue altar of Sif Muna.
  2418 | D:3      | Found a runed door.
  2422 | D:3      | Noticed Crazy Yiuf
  2426 | D:3      | Killed Crazy Yiuf
  3065 | D:3      | Gained mutation: You have sharp toenails. [potion of
                  | mutation]
  3065 | D:3      | Gained mutation: You tend to lose your temper in combat.
                  | [potion of mutation]
  3065 | D:3      | Gained mutation: You expend magic power (3 MP) to
                  | strengthen your wands. [potion of mutation]
  3065 | D:3      | Gained mutation: You are resistant to hostile enchantments.
                  | (MR+) [potion of mutation]
  3462 | D:4      | Reached *** piety under Trog
  3549 | D:4      | Reached XP level 7. HP: 62/62 MP: 6/6
  3556 | D:4      | Reached skill level 7 in Axes
  4136 | D:4      | You fall through a shaft!
  4136 | D:5      | Entered Level 5 of the Dungeon
  4234 | D:5      | Reached skill level 5 in Dodging
  4484 | D:4      | Found an ancient bone altar of Kikubaaqudgha.
  4826 | D:5      | Reached skill level 8 in Axes
  4826 | D:5      | Reached XP level 8. HP: 39/70 MP: 7/7
  5061 | D:5      | Found a shattered altar of Ashenzari.
  5305 | D:5      | Reached **** piety under Trog
  5516 | D:6      | Reached skill level 9 in Axes
  6168 | D:6      | Found Fusiuly's Magic Scroll Shoppe.
  6177 | D:6      | Bought a scroll of blinking for 97 gold pieces
  6213 | D:6      | Reached XP level 9. HP: 79/79 MP: 8/8
  6376 | D:6      | Found a sparkling altar of Nemelex Xobeh.
  6459 | D:6      | Found a staircase to the Ecumenical Temple.
  6525 | D:6      | Found a snail-covered altar of Cheibriados.
  6970 | D:7      | Reached skill level 10 in Axes
  6977 | D:7      | Reached skill level 5 in Armour
  6987 | D:7      | Reached ***** piety under Trog
  7136 | D:7      | Paralysed by a hornet for 3 turns
  7140 | D:7      | Paralysed by a hornet for 1 turns
  7566 | D:7      | Found a glowing golden altar of the Shining One.
  7757 | D:7      | Found an iron altar of Okawaru.
  7757 | D:7      | Found a bloodstained altar of Trog.
  8263 | D:8      | Noticed a two-headed ogre
  8269 | D:8      | Killed a two-headed ogre
  8269 | D:8      | Reached XP level 10. HP: 84/91 MP: 9/9
  8429 | D:8      | Found an ornate altar of the Wu Jian Council.
  8564 | D:8      | Reached skill level 11 in Axes
  9342 | D:8      | Found a stormy altar of Qazlal.
  9932 | D:9      | Received a gift from Trog
  9983 | D:9      | Reached skill level 10 in Fighting
 10549 | D:9      | Found a staircase to the Lair.
 10585 | D:9      | Reached XP level 11. HP: 101/101 MP: 10/10
 11022 | D:9      | Noticed a two-headed ogre
 11029 | D:9      | Killed a two-headed ogre
 11029 | D:9      | Reached skill level 12 in Axes
 11392 | D:10     | Entered Level 10 of the Dungeon
 12307 | D:11     | Received a gift from Trog
 12426 | D:11     | HP: 4/101 [orc wizard/magic dart (4)]
 12426 | D:11     | HP: 1/101 [orc wizard/puff of flame (3)]
 12785 | D:11     | Found a staircase to the Orcish Mines.
 12957 | D:11     | Reached skill level 10 in Dodging
 13322 | D:11     | Found a bloodstained altar of Trog.
 13406 | D:11     | Found Animinti's Gadget Shoppe.
 13863 | D:12     | Reached skill level 10 in Armour
 14001 | D:12     | Received a gift from Trog
 14362 | D:12     | Noticed a skeletal warrior
 14373 | D:12     | Killed a skeletal warrior
 14373 | D:12     | Reached skill level 13 in Axes
 14432 | D:12     | Noticed a skeletal warrior
 14435 | D:12     | Noticed a skeletal warrior
 14447 | D:12     | Killed a skeletal warrior
 14447 | D:12     | Reached XP level 12. HP: 52/112 MP: 3/11
 15167 | Lair:1   | Entered Level 1 of the Lair of Beasts
 15347 | Lair:1   | Found a runed door.
 15347 | Lair:1   | Noticed SeriousVitamin's ghost (journeyman DEEE)
 15396 | Lair:1   | Killed SeriousVitamin's ghost
 15474 | Lair:1   | Noticed a six-headed hydra
 15485 | Lair:1   | Killed a two-headed hydra
 16101 | Lair:1   | Noticed a five-headed hydra
 16110 | Lair:1   | Killed a one-headed hydra
 16110 | Lair:1   | Reached skill level 14 in Axes
 16262 | Lair:1   | Received a gift from Trog
 16265 | Lair:1   | Got an encrusted war axe {god gift}
 16266 | Lair:1   | Identified the +6 war axe of Linearity {flame, rPois
                  | Stlth+} (Trog gifted it to you on level 1 of the Lair of
                  | Beasts)
 16848 | Lair:2   | Reached XP level 13. HP: 122/122 MP: 12/12
 17011 | Lair:2   | Found a staircase to the Snake Pit.
 18977 | Lair:4   | Found a staircase to the Shoals.
 19157 | Lair:4   | Received a gift from Trog
 19563 | Lair:5   | Reached skill level 15 in Axes
 20174 | Lair:6   | Entered Level 6 of the Lair of Beasts
 20216 | Lair:6   | Found a staircase to the Slime Pits.
 20216 | Lair:6   | Found a viscous altar of Jiyva.
 20480 | Lair:6   | Reached XP level 14. HP: 133/133 MP: 13/13
 20497 | Lair:6   | Received a gift from Trog
 21326 | Lair:6   | Reached skill level 15 in Fighting
 22190 | D:13     | Reached skill level 16 in Axes
 22207 | D:13     | Noticed Kirke
 22222 | D:13     | Killed Kirke
 22233 | D:13     | Found a flagged portal.
 22247 | Bailey   | Entered a bailey
 22522 | Bailey   | Received a gift from Trog
 22575 | Bailey   | Got a polished battleaxe {god gift}
 22576 | Bailey   | Identified the +8 battleaxe of Buakasm {elec, rPois MR+
                  | Stlth+} (Trog gifted it to you in a bailey)
 23191 | D:13     | Noticed Josephine
 23199 | D:13     | Killed Josephine
 23281 | D:13     | Noticed Nessos
 23287 | D:13     | Killed Nessos
 23607 | D:13     | Found a gate to the Vaults.
 23791 | D:13     | Reached XP level 15. HP: 118/141 MP: 14/14
 24430 | D:14     | Noticed Louise
 24448 | D:14     | Killed Louise
 24906 | D:14     | Reached ****** piety under Trog
 24912 | D:14     | Received a gift from Trog
 25114 | D:14     | Reached skill level 15 in Armour
 25325 | D:15     | Entered Level 15 of the Dungeon
 25333 | D:15     | Found Guihiv's Goods Gallery.
 25614 | D:15     | Found a staircase to the Depths.
 26154 | D:15     | Found a bloodstained altar of Trog.
 26378 | D:15     | Found a blossoming altar of Fedhas.
 26641 | Orc:1    | Entered Level 1 of the Orcish Mines
 26714 | Orc:1    | Found Cedug's Armour Boutique.
 26947 | Orc:1    | Reached skill level 17 in Axes
 27050 | Orc:1    | Found a bloodstained altar of Trog.
 27115 | Orc:1    | Noticed Harold
 27130 | Orc:1    | Killed Harold
 27367 | Orc:2    | Entered Level 2 of the Orcish Mines
 27467 | Orc:2    | Received a gift from Trog
 27603 | Orc:2    | Noticed Blork the orc
 27608 | Orc:2    | Reached skill level 15 in Dodging
 27621 | Orc:2    | Killed Blork the orc
 27626 | Orc:2    | Found a roughly hewn altar of Beogh.
 27626 | Orc:2    | Noticed an orc warlord
 27645 | Orc:2    | Killed an orc warlord
 27656 | Orc:2    | Found Ateuwet's Antique Armour Boutique.
 27892 | Orc:2    | Found Wigus's Antique Weapon Boutique.
 27941 | Orc:2    | Found Deogotz's General Store.
 27965 | Orc:2    | Found Yvamaw's Jewellery Boutique.
 28035 | Orc:2    | Found a staircase to the Elven Halls.
 28047 | Orc:2    | Found a bloodstained altar of Trog.
 28117 | Orc:2    | Found a roughly hewn altar of Beogh.
 28725 | Orc:2    | Bought the ring "Vosukofu" {-Tele *Slow rF+ Str+8 SInv} for
                  | 418 gold pieces
 29010 | Snake:1  | Entered Level 1 of the Snake Pit
 29209 | Snake:1  | Received a gift from Trog
 29413 | Snake:1  | Found Ziannack's Distillery.
 29576 | Snake:1  | Found a frozen archway.
 29617 | IceCv    | Entered an ice cave
 30808 | Snake:1  | Reached XP level 16. HP: 152/152 MP: 15/15
 31368 | Snake:1  | Bought a potion of mutation for 128 gold pieces
 32096 | Snake:2  | Got a sapphire-encrusted leather armour
 32098 | Snake:2  | Identified the +2 leather armour "Uzuat" {rElec rN+ Str+4}
                  | (You found it on level 2 of the Snake Pit)
 32851 | Snake:4  | Entered Level 4 of the Snake Pit
 33380 | Snake:3  | Reached skill level 18 in Axes
 34011 | Snake:3  | Found a runed door.
 34750 | Snake:3  | Found a runed gate.
 34750 | Snake:3  | Found a runed gate.
 34750 | Snake:3  | Found a runed gate.
 34753 | Snake:3  | Noticed Bobloseg's ghost (adept GrFi)
 34753 | Snake:3  | Noticed Morebovua's ghost (adept GrFi)
 34753 | Snake:3  | Noticed Qoxuff's ghost (adept TrWn)
 34773 | Snake:3  | Found Maosiqeo's Antique Weapon Emporium.
 34991 | Snake:3  | Killed Bobloseg's ghost
 34999 | Snake:3  | Killed Morebovua's ghost
 35006 | Snake:3  | Killed Qoxuff's ghost
 35169 | Snake:3  | Received a gift from Trog
 35965 | Snake:4  | Reached XP level 17. HP: 148/163 MP: 16/16
 37462 | Snake:4  | Reached skill level 19 in Axes
 37889 | Snake:4  | Got a serpentine rune of Zot
 38009 | Snake:4  | Received a gift from Trog
 38341 | Snake:4  | Received a gift from Trog
 39498 | Shoals:1 | Entered Level 1 of the Shoals
 41040 | Shoals:2 | Received a gift from Trog
 41120 | Shoals:2 | Cast into level 3 of the Abyss (a distortion unwield)
 41150 | Abyss:3  | Reached XP level 18. HP: 163/174 MP: 17/17
 41192 | Abyss:3  | Gained mutation: You do not regenerate when monsters are
                  | visible. [a neqoxec]
 41194 | Abyss:3  | Lost mutation: You have sharp toenails. [a neqoxec]
 41303 | Abyss:3  | Found a corrupted altar of Lugonu.
 41306 | Abyss:3  | Lost intelligence.
 41521 | Shoals:2 | Escaped the Abyss
 42422 | Shoals:3 | Identified a scroll of acquirement
 42432 | Shoals:3 | Got a warped buckler
 42723 | Shoals:3 | Received a gift from Trog
 43168 | Shoals:4 | Entered Level 4 of the Shoals
 43649 | Shoals:4 | Reached skill level 20 in Axes
 44134 | Shoals:4 | Found a runed gate.
 44135 | Shoals:4 | Found an opulent altar of Gozag.
 44136 | Shoals:4 | Found a runed gate.
 44136 | Shoals:4 | Found a runed gate.
 44136 | Shoals:4 | Noticed PeterLawrence's ghost (adept MiFi)
 44468 | Shoals:4 | Noticed Polyphemus
 44477 | Shoals:4 | Received a gift from Trog
 44490 | Shoals:4 | Slain by a death yak

Skill      XL: |  1  2  3  4  5  6  7  8  9 10 11 12 13 14 15 16 17 18 |
---------------+-------------------------------------------------------+-----
Fighting       | 4 5 6 7 9 10 11 13 14 15 16 17 18 19 | 19.4
Axes           | 4 5 6 8 9 10 11 13 14 15 16 17 18 19 20 | 20.1
Armour         | 3 4 6 8 10 11 13 14 15 17 18 | 18.7
Dodging        | 3 4 5 6 8 9 10 12 13 14 15 16 17 18 | 18.0
Stealth        | 1 2 3 |  3.1

Action                   |  1- 3 |  4- 6 |  7- 9 | 10-12 | 13-15 | 16-18 || total
-------------------------+-------+-------+-------+-------+-------+-------++-------
Melee: Hand axe          |    44 |    95 |   244 |    26 |       |       ||   409
       Headbutt          |     6 |    19 |    45 |   103 |   197 |   271 ||   641
       Kick              |       |     7 |    86 |   170 |    56 |       ||   319
       War axe           |       |       |    21 |   182 |   535 |   340 ||  1078
       Halberd           |       |       |       |    79 |       |       ||    79
       Broad axe         |       |       |       |   168 |       |       ||   168
       Battleaxe         |       |       |       |       |   347 |   787 ||  1134
       Executioner's axe |       |       |       |       |       |     6 ||     6
Throw: Javelin           |       |       |       |     1 |     1 |       ||     2
Invok: Berserk           |     2 |     2 |     7 |    15 |    28 |    18 ||    72
       Brothers in Arms  |       |       |       |     3 |     7 |    10 ||    20
Evoke: Wand              |       |       |       |     2 |       |     1 ||     3
  Use: Scroll            |     3 |     4 |     2 |     5 |     9 |    15 ||    38
       Potion            |       |     6 |     5 |     3 |     2 |     5 ||    21
 Stab: Sleeping          |       |     1 |     2 |       |       |       ||     3
       Distracted        |       |       |     1 |       |     1 |     1 ||     3
       Petrified         |       |       |       |       |     8 |       ||     8
       Petrifying        |       |       |       |       |     1 |       ||     1
  Eat: Chunk             |     1 |     8 |    20 |    27 |    41 |    21 ||   118
       Ration            |       |     1 |       |     7 |    10 |    13 ||    31
Armor: Animal skin       |    21 |    44 |    19 |       |       |       ||    84
       Chain mail        |       |       |    19 |       |       |       ||    19
       Leather armour    |       |       |     9 |       |       |       ||     9
       Plate armour      |       |       |    56 |   308 |   324 |   546 ||  1234
       Crystal plate arm |       |       |       |       |   144 |       ||   144
Dodge: Dodged            |    44 |    72 |   151 |   249 |   397 |   602 ||  1515
Block: Large shield      |       |       |       |       |   230 |   364 ||   594
       Other             |       |       |       |       |   135 |   210 ||   345
       Reflection        |       |       |       |       |    27 |    80 ||   107
